 Dungeon Crawl Stone Soup version 0.26-a0-1164-g1a551d6a14 (webtiles) character file.

Game seed: 5770553391684765086

478 vvl the Slasher (level 6, 0/48 HPs)
             Began as a Demonspawn Fighter on Dec 24, 2020.
             Slain by an ice beast (12 damage)
             ... on level 5 of the Dungeon.
             The game lasted 00:08:13 (4325 turns).

vvl the Slasher (Demonspawn Fighter)                Turns: 4325, Time: 00:08:13

Health: 0/48       AC: 10    Str: 18    XL:     6   Next: 86%
Magic:  0/6        EV:  7    Int:  9    God:
Gold:   241        SH:  9    Dex: 13    Spells: 5/5 levels left

rFire    . . .     SeeInvis .   a - +0 long sword
rCold    . . .     Faith    .   c - +0 kite shield
rNeg     . . .     Spirit   +   g - +0 swamp dragon scales (curse)
rPois    +         Reflect  .   (no helmet)
rElec    .         Harm     .   (no cloak)
rCorr    .         Rampage  .   (no gloves)
Will     .....                  r - +1 pair of boots {Stlth+}
Stlth    ++........             (no amulet)
HPRegen  0.16/turn              (no ring)
MPRegen  0.10/turn              (no ring)

@: no status effects
A: rugged brown scales 1, powered by death 1, magic shield
a: no special abilities


You were on level 5 of the Dungeon.
You visited 1 branch of the dungeon, and saw 5 of its levels.

You collected 241 gold pieces.

Inventory:

Hand Weapons
 a - a +0 long sword (weapon)
 u - a +1 halberd of venom
Armour
 b - a +0 scale mail
 c - a +0 kite shield (worn)
 g - cursed +0 swamp dragon scales (worn)
 r - a +1 pair of boots of stealth (worn)
Jewellery
 s - a +6 ring of dexterity {unknown}
Wands
 m - a wand of random effects (38)
 q - a wand of flame (12)
Scrolls
 e - 3 scrolls of immolation {unknown}
 f - 2 scrolls of teleportation {unknown}
 i - 4 scrolls of identify {unknown}
 j - a scroll of enchant weapon {unknown}
 k - 3 scrolls of fog {unknown}
 o - 3 scrolls of remove curse {unknown}
Potions
 d - a potion of might
 h - 2 potions of flight
 l - a potion of heal wounds
 n - a potion of degeneration {unknown}
 p - a potion of invisibility {unknown}
 t - a potion of curing {unknown}


   Skills:
 - Level 3.0 Fighting
 * Level 5.6 Long Blades
 - Level 2.6 Armour
 - Level 2.6 Shields
 + Level 4.3 Necromancy


You had 5 spell levels left.
You didn't know any spells.
Your spell library was empty.

Dungeon Overview and Level Annotations

Branches:
Dungeon (5/15)
 Temple: D:4-7

Altars:
Ashenzari
Dithmenos
Fedhas
Makhleb
Qazlal
Wu Jian
Xom


Innate Abilities, Weirdness & Mutations

You are partially covered in rugged brown scales. (AC +1, +3% HP)
You regenerate a little health from kills.
When hurt, damage is shared between your health and your magic reserves.


Message History

You block the ice beast's attack.
You barely miss the ice beast.
The ice beast is lightly wounded.
You block the ice beast's attack.
You closely miss the ice beast.
The ice beast is lightly wounded.
You block the ice beast's attack. The ice beast barely misses you.
You hit the ice beast.
The ice beast is moderately wounded.
The ice beast hits you but does no damage.
You hit the ice beast.
The ice beast is moderately wounded.
The ice beast hits you. The ice beast freezes you.
* * * LOW HITPOINT WARNING * * *
You hit the ice beast.
The ice beast is moderately wounded.
The ice beast hits you.
* * * LOW HITPOINT WARNING * * *
The ice beast freezes you!
You die...

#...# ##...# ...
....# ....# #...#
...!# #...# ....#
#...# ...# #
...##.Y.##...##..
.......@.........
.............<...
........>....$...
######+##...###..
#...# ....# ....#
.....# .....+


You could see an ice beast.

Vanquished Creatures
  Grinder (D:3)
  An orc priest (D:4)
  Ijyb (D:3)
  An orc wizard (D:4)
  Jessica (D:3)
  An iguana (D:3)
  A worker ant (D:4)
  5 adders
  3 dart slugs
  A leopard gecko (D:1)
  7 orcs
  2 giant cockroaches
  8 goblins
  7 hobgoblins
  3 quokkas
  2 ball pythons
  3 bats
  5 frilled lizards
  8 kobolds
  A leopard gecko skeleton (D:4)
  4 rats (D:2)
66 creatures vanquished.

Notes
Turn   | Place    | Note
-------+----------+-------------------------------------------
     0 | D:1      | vvl the Demonspawn Fighter began the quest for the Orb.
     0 | D:1      | Reached XP level 1. HP: 18/18 MP: 1/1
   194 | D:1      | Reached skill level 2 in Long Blades
   207 | D:1      | Gained mutation: You are partially covered in rugged brown
                  | scales. (AC +1, +3% HP) [demonic ancestry]
   207 | D:1      | Reached XP level 2. HP: 7/24 MP: 2/2
   426 | D:1      | Reached skill level 1 in Necromancy
   881 | D:1      | Found a shimmering altar of Xom.
  1071 | D:2      | Found a burning altar of Makhleb.
  1073 | D:2      | Noticed an Executioner
  1102 | D:2      | Found a stormy altar of Qazlal.
  1118 | D:2      | Reached skill level 3 in Long Blades
  1118 | D:2      | Reached XP level 3. HP: 25/29 MP: 3/3
  1187 | D:2      | Found an ornate altar of the Wu Jian Council.
  1187 | D:2      | Found a shadowy altar of Dithmenos.
  1187 | D:2      | Found a broken altar of Ashenzari.
  1237 | D:2      | Found a blossoming altar of Fedhas.
  2209 | D:3      | Noticed Jessica
  2224 | D:3      | Killed Jessica
  2225 | D:3      | Gained mutation: You regenerate a little health from kills.
                  | [demonic ancestry]
  2225 | D:3      | Reached XP level 4. HP: 28/36 MP: 4/4
  2491 | D:3      | Noticed Grinder
  2509 | D:3      | Killed Grinder
  2510 | D:3      | Reached skill level 5 in Long Blades
  2510 | D:3      | Gained mutation: When hurt, damage is shared between your
                  | health and your magic reserves. [demonic ancestry]
  2510 | D:3      | Reached XP level 5. HP: 17/42 MP: 5/5
  2510 | D:3      | Reached XP level 6. HP: 20/48 MP: 6/6
  2692 | D:3      | Noticed Ijyb
  2713 | D:3      | Killed Ijyb
  4314 | D:5      | Entered Level 5 of the Dungeon
  4314 | D:5      | Noticed an ice beast
  4325 | D:5      | Slain by an ice beast

Illustrated notes

Levels and vault maps discovered:
D:1:      dpeg_arrival_simpleton_a, layout_loops_ring, hangedman_decor_points,
          xom_teletrap_fun
D:2:      layout_loops_corners, lemuel_crystal_altar,
          gammafunk_temple_overflow_claw, nicolae_qazlal_eye_of_the_storm,
          makhleb_altar_promises_db
D:3:      layout_loops_ring, chequers_decorated_corner, uniq_jessica, uniq_ijyb,
          uniq_grinder
D:4:      layout_layer_cave, chequers_serial_rivers_large_a
D:5:      layout_gridville, slow_altar_2, serial_shops, shop_scrolls,
          trog_wizard

Skill      XL: |  1  2  3  4  5  6 |
---------------+-------------------+-----
Long Blades    | 2 3 5 |  5.6
Necromancy     | 1 2 3 4 |  4.3
Fighting       | |  3.0
Armour         | |  2.6
Shields        | |  2.6

Action                   |  1- 3 |  4- 6 || total
-------------------------+-------+-------++-------
Melee: Long sword        |   121 |   111 ||   232
  Use: Potion            |       |     2 ||     2
 Stab: Sleeping          |       |     2 ||     2
Armor: Swamp dragon scal |    57 |    30 ||    87
       Scale mail        |     2 |       ||     2
Dodge: Dodged            |    41 |    27 ||    68
Block: Kite shield       |    57 |    53 ||   110
       Rpst.: Long sword |    15 |     9 ||    24

Table legend: (Time is in decaauts)
 A = Elapsed time spent in this place.
 B = Non-inter-level travel time spent in this place.
 C = Inter-level travel time spent in this place.
 D = Time resting spent in this place.
 E = Time spent auto-exploring this place.
 F = Levels seen in this place.
 G = Mean time per level.
                   A        B        C        D        E       F      G
               +--------+--------+--------+--------+--------+-----+--------+
         Total |   4411 |   4035 |    376 |      0 |   3519 |   5 |  882.2 |
       Dungeon |   4411 |   4035 |    376 |      0 |   3519 |   5 |  882.2 |
               +--------+--------+--------+--------+--------+-----+--------+

Top non-repeatable levels by time:
     D:3: 1189 daAuts
     D:2: 1155 daAuts
     D:1: 1033 daAuts
     D:4: 1020 daAuts
     D:5: 12 daAuts
